 Dungeon Crawl Stone Soup version 0.28.0-49-g6dfe1f597d (webtiles) character file.

Game seed: 15921441491678325771

1908 bnorton916 the Arsonist (level 8, -6/41 HPs)
             Began as a Deep Elf Fire Elementalist on May 15, 2022.
             Mangled by a yak (13 damage)
             ... on level 6 of the Dungeon.
             The game lasted 00:13:43 (10125 turns).

bnorton916 the Arsonist (DEFE)                     Turns: 10125, Time: 00:13:43

Health: -6/41      AC:  8    Str:  5    XL:     8   Next: 94%
Magic:  4/16       EV: 13    Int: 23    God:
Gold:   265        SH:  0    Dex: 15    Spells: 2/15 levels left

rFire   + . .      SeeInvis .   h - staff of fire
rCold   . . .      Faith    .   (no shield)
rNeg    . . .      Spirit   .   e - +0 steam dragon scales
rPois   .          Reflect  .   b - +2 helmet
rElec   .          Harm     .   (no cloak)
rCorr   .          Rampage  .   (no gloves)
Will    .....                   (no boots)
Stlth   ++........              (no amulet)
HPRegen 0.13/turn               (no ring)
MPRegen 0.15/turn               (no ring)

@: no status effects
A: no striking features
a: no special abilities


You were on level 6 of the Dungeon.
You visited 1 branch of the dungeon, and saw 6 of its levels.

You collected 265 gold pieces.

Inventory:

Hand Weapons
 j - a +0 spear of distortion
 o - a +2 vorpal spear
 q - a +3 dagger of venom
Missiles
 k - 2 throwing nets
Armour
 b - a +2 helmet (worn)
 e - +0 steam dragon scales (worn)
Magical Staves
 h - a staff of fire (weapon)
Wands
 r - a wand of flame (66)
Scrolls
 f - 3 scrolls of teleportation
 i - 2 scrolls of immolation {unknown}
 m - a scroll of amnesia
 n - a scroll of fog {unknown}
Potions
 a - a potion of haste
 c - 3 potions of heal wounds
 d - 2 potions of might
 g - 4 potions of curing
 l - a potion of ambrosia {unknown}
 p - a potion of flight
 s - a potion of brilliance
 t - a potion of lignification


   Skills:
 + Level 0.7 Armour
 + Level 2.9 Dodging
 - Level 2.4 Stealth
 - Level 4.3 Spellcasting
 + Level 7.8 Conjurations
 - Level 8.3 Fire Magic
 - Level 5.4 Ice Magic


You had 2 spell levels left.
You knew the following spells:

 Your Spells              Type           Power      Damage    Failure   Level
a - Foxfire               Conj/Fire      100%       2x1d9     1%          1
b - Scorch                Fire           100%       2d10      1%          2
c - Conjure Flame         Conj/Fire      58%        6-21      1%          3
d - Flame Wave            Conj/Fire      58%        2d11      3%          4
e - Frozen Ramparts       Ice            60%        1d8       3%          3

Your spell library contained the following spells:

 Spells                   Type           Power      Damage    Failure   Level
 Freeze                   Ice            100%       1d11      1%          1
 Sublimation of Blood     Necr           5%         N/A       16%         2
 Inner Flame              Hex/Fire       36%        N/A       5%          3
 Hailstorm                Conj/Ice       35%        3d9       7%          4
 Iskenderun's Battlesphe  Conj           40%        2d9       12%         5
 Irradiate                Conj/Tmut      11%        3d17      50%         5
 Petrify                  Tmut/Erth      5%         N/A       69%         4
 Iron Shot                Conj/Erth      11%        9d3       97%         6
 Spellforged Servitor     Conj/Summ      11%        N/A       100%        7


Dungeon Overview and Level Annotations

Branches:
Dungeon (6/15)
 Temple: D:4-7

Altars:
Dithmenos
Hepliaklqana
Sif Muna
Uskayaw
The Shining One

Shops:
D:5 :


Message History

You feel a surge of power!
You conjure some foxfire!
The foxfire hits the yak.
The yak is moderately wounded.
Your foxfire dissipates!
Casting: Foxfire (safe; 1% risk of failure)
Confirm with . or Enter, or press ? or * to list all spells.
You feel a surge of power!
Flames lash the yak.
The yak is severely wounded.
The yak's fire resistance burns away.
The yak gores you! The yak gores you!
Casting: Scorch (safe; 1% risk of failure)
Confirm with . or Enter, or press ? or * to list all spells.
You feel a surge of power!
Flames lash the yak.
The yak is burned terribly!
You kill the yak!
The yak closely misses you.
Casting: Scorch (safe; 1% risk of failure)
Confirm with . or Enter, or press ? or * to list all spells.
You feel a surge of power!
Flames lash the yak.
The yak is moderately wounded.
The yak's fire resistance burns away.
The yak misses you. The yak closely misses you.
Casting: Scorch (safe; 1% risk of failure)
Confirm with . or Enter, or press ? or * to list all spells.
You feel a surge of power!
Flames lash the yak.
The yak is burned terribly!
The yak is heavily wounded.
The yak closely misses you. The yak gores you!
* * * LOW HITPOINT WARNING * * *
Casting: Scorch (safe; 1% risk of failure)
Confirm with . or Enter, or press ? or * to list all spells.
You feel a surge of power!
Flames lash the yak.
The yak is burned terribly!
The yak is severely wounded.
The yak closely misses you. The yak gores you.
* * * LOW HITPOINT WARNING * * *
Casting: Scorch (safe; 1% risk of failure)
Confirm with . or Enter, or press ? or * to list all spells.
You feel a surge of power!
Flames lash the yak.
The yak is burned terribly!
The yak is almost dead.
The yak gores you!
You die...

#.#
≈.≈...≈.≈
#.#
≈..≈≈≈..≈
#.#
.≈≈≈≈≈≈
#.#
#♣.......
#.# #.♣
#.# ##†#
#.# #..#
#.# #Y##
#.# #@#
#.# #.#
#.# ##.#
#.# #..#
#.# #.##
#.# #.#
#.# #.#
#.# ##.#
#.# #..#


You could see a yak (combustible).

Vanquished Creatures
  2 yaks (D:6)
  A steam dragon (D:5)
  Duvessa (D:6)
  An ice beast (D:4)
  2 sky beasts (D:5)
  3 ogres
  2 phantoms
  A wyvern skeleton (D:3)
  Dowan (D:6)
  A howler monkey (D:5)
  A hound (D:5)
  2 jellies
  A bullfrog skeleton (D:5)
  2 orc priests
  Terence (D:3)
  Jessica (D:2)
  An iguana (D:5)
  3 orc wizards
  3 gnolls
  11 adders
  A white imp (D:6)
  2 ufetubi
  2 adder zombies (D:5)
  2 adder skeletons (D:4)
  A worm (D:2)
  6 dart slugs
  12 orcs
  8 bats
  5 endoplasms
  5 giant cockroaches
  6 goblins
  11 hobgoblins
  3 jackals (D:3)
  6 kobolds
  2 quokkas
  7 ball pythons
  A frilled lizard (D:2)
  A quokka skeleton (D:4)
  4 rats
126 creatures vanquished.

Vanquished Creatures (others)
  279 foxfires
279 creatures vanquished.

Grand Total: 405 creatures vanquished

Notes
Turn   | Place    | Note
-------+----------+-------------------------------------------
     0 | D:1      | bnorton916 the Deep Elf Fire Elementalist began the quest
                  | for the Orb.
     0 | D:1      | Reached XP level 1. HP: 10/10 MP: 6/6
   312 | D:1      | Reached XP level 2. HP: 11/15 MP: 5/8
  1251 | D:1      | Reached XP level 3. HP: 12/19 MP: 6/10
  1560 | D:1      | Learned a level 2 spell: Scorch
  1564 | D:1      | Learned a level 3 spell: Conjure Flame
  2111 | D:2      | Noticed Jessica
  2122 | D:2      | Killed Jessica
  2123 | D:2      | Reached skill level 4 in Fire Magic
  2399 | D:2      | Reached XP level 4. HP: 24/24 MP: 8/12
  2681 | D:2      | Learned a level 4 spell: Flame Wave
  3102 | D:2      | Found a faded altar of an unknown god.
  3239 | D:3      | Reached XP level 5. HP: 16/28 MP: 7/13
  3800 | D:3      | Reached skill level 5 in Fire Magic
  4344 | D:3      | Noticed Terence
  4349 | D:3      | Reached XP level 6. HP: 32/32 MP: 11/14
  4362 | D:3      | Killed Terence
  5281 | D:4      | Noticed an ice beast
  5295 | D:4      | Killed an ice beast
  5296 | D:4      | Reached skill level 5 in Conjurations
  5296 | D:4      | Reached skill level 6 in Fire Magic
  5565 | D:4      | Learned a level 3 spell: Frozen Ramparts
  5587 | D:4      | Found a glowing golden altar of the Shining One.
  5673 | D:4      | Found a hazy altar of Hepliaklqana.
  5673 | D:4      | Found a shadowy altar of Dithmenos.
  5674 | D:4      | Noticed a shadow
  5806 | D:4      | Found a shimmering blue altar of Sif Muna.
  6136 | D:4      | Reached skill level 1 in Ice Magic
  6140 | D:4      | Reached XP level 7. HP: 27/36 MP: 5/15
  7006 | D:5      | Entered Level 5 of the Dungeon
  7860 | D:5      | Noticed a steam dragon
  8152 | D:5      | Reached skill level 7 in Fire Magic
  8269 | D:5      | Killed a steam dragon
  8270 | D:5      | Reached XP level 8. HP: 41/41 MP: 10/16
  8595 | D:5      | Found Itivirch's Book Shop.
  8849 | D:6      | Noticed Duvessa
  8849 | D:6      | Noticed Dowan
  9275 | D:6      | Killed Duvessa
  9277 | D:6      | Killed Dowan
  9873 | D:6      | Reached skill level 8 in Fire Magic
  9882 | D:6      | Found a hide-covered altar of Uskayaw.
  9903 | D:6      | Reached skill level 5 in Ice Magic
 10125 | D:6      | Mangled by a yak

Illustrated notes

Levels and vault maps discovered:
D:1:      dpeg_arrival_refuge, layout_loops_corners,
          corexii_item_surrounded_by_moat, serial_park_tiny_2
D:2:      layout_loops_ring, shapermc_ecumenical_altar_petra, uniq_jessica
D:3:      layout_basic, uniq_terence
D:4:      layout_basic, riverfiend_overflow_shadow_ancestor, led_sif_book,
          mainiacjoe_overflow_brackets, moated_statue
D:5:      layout_cave_pools, serial_shops, shop_statue
D:6:      layout_basic, mainiacjoe_overflow_paths, minmay_temple_entry_junction,
          grunt_tough_drop, uniq_duvessa

Skill      XL: |  1  2  3  4  5  6  7  8 |
---------------+-------------------------+-----
Conjurations   | 2 3 4 5 6 7 |  7.8
Spellcasting   | 4 |  4.3
Fire Magic     | 4 5 6 7 8 |  8.3
Ice Magic      | 1 3 5 |  5.4
Armour         | |  0.7
Dodging        | |  2.9
Stealth        | |  2.4

Action                   |  1- 3 |  4- 6 |  7- 9 || total
-------------------------+-------+-------+-------++-------
Melee: Staff             |       |     2 |       ||     2
 Cast: Foxfire           |    51 |    74 |    43 ||   168
       Scorch            |     2 |    34 |    54 ||    90
  Use: Scroll            |       |       |    10 ||    10
Armor: Robe              |     1 |    15 |     9 ||    25
       Steam dragon scal |       |       |     8 ||     8
Dodge: Dodged            |     8 |    27 |    41 ||    76
